TOP OF THE 1ST |
Bristol Pirates batting - Pitching for Washington (APP) Nationals : RHP Josh Jenkins
|
Pitching: RHP Josh Jenkins
|
|
Batting: RHB Perry Dominey
|
0-0: Ball 1-0: Ball 2-0: Ground out 6-3 (Groundball, 6, EV 88.8 MPH)
|
Batting: RHB Randy Bergman
|
0-0: Ball 1-0: Ball 2-0: Called Strike 2-1: Fly out, F8 (Flyball, 8RM, EV 85.0 MPH)
|
Batting: LHB Randy Boone
|
0-0: Ball 1-0: Called Strike 1-1: Ball 2-1: Swinging Strike 2-2: Foul Ball, location: 2F 2-2: Ground out 5-3 (Groundball, 6, EV 82.5 MPH)
|
Top of the 1st over - 0 runs, 0 hits, 0 errors, 0 left on base; Bristol 0 - Washington (APP) 0 |
BOTTOM OF THE 1ST |
Washington (APP) Nationals batting - Pitching for Bristol Pirates : RHP Joe Simanton
|
Pitching: RHP Joe Simanton
|
|
Batting: RHB John Savard
|
0-0: Ball 1-0: Ball 2-0: Called Strike 2-1: Ground out 6-3 (Groundball, 6, EV 87.5 MPH)
|
Batting: RHB Gregg Huddleston
|
0-0: Ball 1-0: Ball 2-0: SOLO HOME RUN (Flyball, 7D, EV 100.0 MPH), Distance : 399 ft
|
Batting: LHB Nate Melendez
|
0-0: Ball 1-0: Fly out, F7 (Flyball, 78M, EV 85.0 MPH)
|
Batting: RHB Nick Moreno
|
0-0: Ball 1-0: Ball 2-0: Ball 3-0: Called Strike 3-1: Foul Ball, location: 2F 3-2: Foul Ball, location: 2F 3-2: Strikes out swinging
|
Bottom of the 1st over - 1 run, 1 hit, 0 errors, 0 left on base; Bristol 0 - Washington (APP) 1 |
TOP OF THE 2ND |
Bristol Pirates batting - Pitching for Washington (APP) Nationals : RHP Josh Jenkins
|
Batting: RHB Etsuro Hosokawa
|
0-0: Ground out 6-3 (Groundball, 6, EV 103.1 MPH)
|
Batting: RHB Jaime Dubicki
|
0-0: Ball 1-0: SINGLE (Groundball, 56S, EV 76.3 MPH) (infield hit)
|
Batting: LHB Ruben Garza
|
0-0: Called Strike 0-1: Ball Wild Pitch! Jaime Dubicki to second 1-1: Ball 2-1: Ball 3-1: Called Strike 3-2: Base on Balls
|
Batting: LHB Joe Wise
|
0-0: Called Strike 0-1: Foul Ball, location: 2F 0-2: Ball 1-2: Ball 2-2: Foul Ball, location: 2F 2-2: Fly out, F9 (Flyball, 89D, EV 98.8 MPH)
|
Batting: RHB Pete Hutton
|
0-0: Called Strike 0-1: Ball 1-1: Fielders Choice at 2nd, 5-4 (Groundball, 56, EV 100.0 MPH)
|
Top of the 2nd over - 0 runs, 1 hit, 0 errors, 2 left on base; Bristol 0 - Washington (APP) 1 |
BOTTOM OF THE 2ND |
Washington (APP) Nationals batting - Pitching for Bristol Pirates : RHP Joe Simanton
|
Batting: RHB Kevin Whitenack
|
0-0: Called Strike 0-1: Foul Ball, location: 2F 0-2: Ball 1-2: Strikes out swinging
|
Batting: RHB Jon Buscher
|
0-0: Fly out, F8 (Flyball, 8RXD, EV 94.4 MPH)
|
Batting: RHB Naofumi Ishida
|
0-0: Called Strike 0-1: Swinging Strike 0-2: Ball 1-2: DOUBLE (Flyball, 89XD, EV 96.9 MPH)
|
Batting: RHB Derek Moran
|
0-0: Ball 1-0: DOUBLE (Groundball, 5L, EV 101.9 MPH) Naofumi Ishida scores
|
Batting: RHB Brian Walker
|
0-0: Called Strike 0-1: Ground out 6-3 (Groundball, 6M, EV 84.4 MPH)
|
Bottom of the 2nd over - 1 run, 2 hits, 0 errors, 1 left on base; Bristol 0 - Washington (APP) 2 |
TOP OF THE 3RD |
Bristol Pirates batting - Pitching for Washington (APP) Nationals : RHP Josh Jenkins
|
Batting: RHB Andrew DeRicco
|
0-0: Ball 1-0: Ball 2-0: Ball 3-0: Called Strike 3-1: Foul Ball, location: 2F 3-2: Ground out 5-3 (Groundball, 56S, EV 69.4 MPH)
|
Batting: RHB Perry Dominey
|
0-0: Fly out, F3 (Popup, 3D, EV 68.8 MPH)
|
Batting: RHB Randy Bergman
|
0-0: Called Strike 0-1: Fly out, F3 (Popup, 3S, EV 65.6 MPH)
|
Top of the 3rd over - 0 runs, 0 hits, 0 errors, 0 left on base; Bristol 0 - Washington (APP) 2 |
BOTTOM OF THE 3RD |
Washington (APP) Nationals batting - Pitching for Bristol Pirates : RHP Joe Simanton
|
Batting: RHB John Savard
|
0-0: Ground out 4-3 (Groundball, 4, EV 92.5 MPH)
|
Batting: RHB Gregg Huddleston
|
0-0: Foul Ball, location: 2F 0-1: Ball 1-1: Foul Ball, location: 2F 1-2: Ball 2-2: SINGLE (Line Drive, 56, EV 95.6 MPH)
|
Batting: LHB Nate Melendez
|
0-0: Called Strike 0-1: Foul Ball, location: 2F 0-2: Ball 1-2: SINGLE (Groundball, 34D, EV 98.8 MPH) Gregg Huddleston to second Runner from 2nd tries for 3rd, SAFE, throw by RF made at trailing runner, OUT! 9-6
|
Batting: RHB Nick Moreno
|
0-0: Ball 1-0: Ball 2-0: Called Strike 2-1: Ground out 5-3 (Groundball, 56, EV 89.4 MPH)
|
Bottom of the 3rd over - 0 runs, 2 hits, 0 errors, 1 left on base; Bristol 0 - Washington (APP) 2 |
TOP OF THE 4TH |
Bristol Pirates batting - Pitching for Washington (APP) Nationals : RHP Josh Jenkins
|
Batting: LHB Randy Boone
|
0-0: Ball 1-0: DOUBLE (Line Drive, 89D, EV 106.3 MPH)
|
Batting: RHB Etsuro Hosokawa
|
0-0: Ball 1-0: Ball 2-0: SINGLE (Line Drive, 9S, EV 108.8 MPH) Randy Boone to third
|
Batting: RHB Jaime Dubicki
|
0-0: Ball Etsuro Hosokawa steals 2nd base 1-0: Swinging Strike 1-1: Foul Ball, location: 2F 1-2: Strikes out looking
|
Batting: LHB Ruben Garza
|
0-0: Ball 1-0: Ball 2-0: Ball 3-0: Base on Balls
|
Batting: LHB Joe Wise
|
0-0: Ball 1-0: Ball 2-0: Ball 3-0: Called Strike 3-1: Foul Ball, location: 2F 3-2: Base on Balls Randy Boone scores Etsuro Hosokawa to third Ruben Garza to second
|
Batting: RHB Pete Hutton
|
0-0: SINGLE (Groundball, 6MD, EV 98.1 MPH) Etsuro Hosokawa scores Ruben Garza to third Joe Wise to second
|
Batting: RHB Andrew DeRicco
|
0-0: Called Strike 0-1: Foul Ball, location: 2F 0-2: Strikes out looking
|
Batting: RHB Perry Dominey
|
0-0: Ball 1-0: Fielders Choice at 2nd, 6-4 (Groundball, 6, EV 103.1 MPH)
|
Top of the 4th over - 2 runs, 3 hits, 0 errors, 3 left on base; Bristol 2 - Washington (APP) 2 |
BOTTOM OF THE 4TH |
Washington (APP) Nationals batting - Pitching for Bristol Pirates : RHP Joe Simanton
|
Batting: RHB Kevin Whitenack
|
0-0: Ball 1-0: Foul Ball, location: 2F 1-1: Foul Ball, location: 2F 1-2: Foul Ball, location: 2F 1-2: TRIPLE (Flyball, 89XD, EV 100.6 MPH)
|
Batting: RHB Jon Buscher
|
0-0: Called Strike 0-1: Ground out 4-3 (Groundball, 4, EV 80.6 MPH) Kevin Whitenack scores
|
Batting: RHB Naofumi Ishida
|
0-0: Ball 1-0: Ground out 4-3 (Groundball, 4, EV 85.0 MPH)
|
Batting: RHB Derek Moran
|
0-0: Ball 1-0: Foul Ball, location: 2F 1-1: Ball 2-1: Foul Ball, location: 2F 2-2: Ball 3-2: Strikes out looking
|
Bottom of the 4th over - 1 run, 1 hit, 0 errors, 0 left on base; Bristol 2 - Washington (APP) 3 |
TOP OF THE 5TH |
Bristol Pirates batting - Pitching for Washington (APP) Nationals : RHP Josh Jenkins
|
Batting: RHB Randy Bergman
|
0-0: Swinging Strike 0-1: Ball 1-1: Ball 2-1: Ball 3-1: Base on Balls
|
Batting: LHB Randy Boone
|
0-0: Fielders Choice at 2nd, 6-4 (Groundball, 6M, EV 90.6 MPH)
|
Batting: RHB Etsuro Hosokawa
|
0-0: Ball 1-0: Ball 2-0: Ball 3-0: Base on Balls Randy Boone to second
|
Batting: RHB Jaime Dubicki
|
0-0: Ball 1-0: Ball 2-0: Grounds into double play, 4-6-3 (Groundball, 34, EV 96.9 MPH)
|
Top of the 5th over - 0 runs, 0 hits, 0 errors, 1 left on base; Bristol 2 - Washington (APP) 3 |
BOTTOM OF THE 5TH |
Washington (APP) Nationals batting - Pitching for Bristol Pirates : RHP Joe Simanton
|
Batting: RHB Brian Walker
|
0-0: Ball 1-0: Ball 2-0: Foul Ball, location: 2F 2-1: Called Strike 2-2: Strikes out swinging
|
Batting: RHB John Savard
|
0-0: Ball 1-0: Swinging Strike 1-1: Called Strike 1-2: Ball 2-2: Strikes out swinging
|
Batting: RHB Gregg Huddleston
|
0-0: Ball 1-0: Ball 2-0: Foul Ball, location: 2F 2-1: Ball 3-1: Base on Balls
|
Batting: LHB Nate Melendez
|
0-0: Ground out U3 (Groundball, 3, EV 93.8 MPH)
|
Bottom of the 5th over - 0 runs, 0 hits, 0 errors, 1 left on base; Bristol 2 - Washington (APP) 3 |
TOP OF THE 6TH |
Bristol Pirates batting - Pitching for Washington (APP) Nationals : RHP Josh Jenkins
|
Pitching: LHP Mike Bigos
|
|
Batting: LHB Ruben Garza
|
0-0: Foul Ball, location: 2F 0-1: Ball 1-1: Ball 2-1: Foul Ball, location: 2F 2-2: Foul Ball, location: 2F 2-2: Foul Ball, location: 2F 2-2: Fly out, F7 (Flyball, 7LS, EV 73.8 MPH)
|
Batting: LHB Joe Wise
|
0-0: Swinging Strike 0-1: Called Strike 0-2: Foul Ball, location: 2F 0-2: Ball 1-2: Ball 2-2: Ball 3-2: Ground out U3 (Groundball, 3, EV 82.5 MPH)
|
Batting: RHB Pete Hutton
|
0-0: Ball 1-0: Ball 2-0: Ball 3-0: Base on Balls
|
Pitching: RHP Ivano Galikov
|
|
Batting: RHB Andrew DeRicco
|
0-0: Ball 1-0: Called Strike 1-1: SINGLE (Groundball, 56D, EV 105.0 MPH) Pete Hutton to second Runner from 2nd tries for 3rd, OUT! 7-5
|
Top of the 6th over - 0 runs, 1 hit, 0 errors, 1 left on base; Bristol 2 - Washington (APP) 3 |
BOTTOM OF THE 6TH |
Washington (APP) Nationals batting - Pitching for Bristol Pirates : RHP Joe Simanton
|
Batting: RHB Nick Moreno
|
0-0: Called Strike 0-1: Foul Ball, location: 2F 0-2: Fly out, F9 (Flyball, 9S, EV 86.9 MPH)
|
Batting: RHB Kevin Whitenack
|
0-0: Called Strike 0-1: Ground out 5-3 (Groundball, 56, EV 86.9 MPH)
|
Batting: RHB Jon Buscher
|
0-0: Ground out 6-3 (Groundball, 6, EV 81.3 MPH)
|
Bottom of the 6th over - 0 runs, 0 hits, 0 errors, 0 left on base; Bristol 2 - Washington (APP) 3 |
TOP OF THE 7TH |
Bristol Pirates batting - Pitching for Washington (APP) Nationals : RHP Ivano Galikov
|
Batting: RHB Perry Dominey
|
0-0: Called Strike 0-1: Fly out, F3 (Line Drive, 3, EV 73.8 MPH)
|
Batting: RHB Randy Bergman
|
0-0: Swinging Strike 0-1: Ball 1-1: Foul Ball, location: 2F 1-2: Fly out, F9 (Flyball, 89S, EV 88.8 MPH)
|
Batting: LHB Randy Boone
|
0-0: Ball 1-0: Foul Ball, location: 2F 1-1: Ball 2-1: Foul Ball, location: 2F 2-2: Reached on error, E6 (Groundball, 6, EV 108.1 MPH)
|
Batting: RHB Etsuro Hosokawa
|
0-0: Foul Ball, location: 2F 0-1: Ground out 6-3 (Groundball, 56S, EV 79.4 MPH)
|
Top of the 7th over - 0 runs, 0 hits, 1 error, 1 left on base; Bristol 2 - Washington (APP) 3 |
BOTTOM OF THE 7TH |
Washington (APP) Nationals batting - Pitching for Bristol Pirates : RHP Joe Simanton
|
Batting: RHB Naofumi Ishida
|
0-0: Foul Ball, location: 2F 0-1: Ball 1-1: Ball 2-1: Fly out, F9 (Flyball, 89XD, EV 111.3 MPH)
|
Batting: RHB Derek Moran
|
0-0: Fly out, F9 (Line Drive, 9D, EV 101.3 MPH)
|
Batting: RHB Jim Miske
|
0-0: Called Strike 0-1: Foul Ball, location: 2F 0-2: Ball 1-2: TRIPLE (Flyball, 9D, EV 103.1 MPH)
|
Batting: RHB John Savard
|
0-0: Called Strike 0-1: Ball 1-1: Ball 2-1: Fly out, F8 (Flyball, 8RM, EV 88.1 MPH)
|
Bottom of the 7th over - 0 runs, 1 hit, 0 errors, 1 left on base; Bristol 2 - Washington (APP) 3 |
TOP OF THE 8TH |
Bristol Pirates batting - Pitching for Washington (APP) Nationals : RHP Ivano Galikov
|
Pitching: LHP Kevin Besser
|
|
Batting: RHB Jaime Dubicki
|
0-0: Called Strike 0-1: Called Strike 0-2: Foul Ball, location: 2F 0-2: Ball 1-2: Strikes out swinging
|
Batting: LHB Ruben Garza
|
0-0: Ball 1-0: Called Strike 1-1: SOLO HOME RUN (Flyball, 7D, EV 107.5 MPH), Distance : 403 ft
|
Batting: LHB Joe Wise
|
0-0: Ball 1-0: Fly out, F8 (Flyball, 8LM, EV 80.0 MPH)
|
Batting: RHB Pete Hutton
|
0-0: Ball 1-0: Fly out, F8 (Flyball, 8RD, EV 99.4 MPH)
|
Top of the 8th over - 1 run, 1 hit, 0 errors, 0 left on base; Bristol 3 - Washington (APP) 3 |
BOTTOM OF THE 8TH |
Washington (APP) Nationals batting - Pitching for Bristol Pirates : RHP Joe Simanton
|
Batting: RHB Gregg Huddleston
|
0-0: Ball 1-0: Swinging Strike 1-1: Ball 2-1: Foul Ball, location: 2F 2-2: Fly out, F7 (Flyball, 7D, EV 105.6 MPH)
|
Batting: LHB Nate Melendez
|
0-0: Foul Ball, location: 2F 0-1: Fly out, F8 (Flyball, 8LXD, EV 91.9 MPH)
|
Batting: RHB Nick Moreno
|
0-0: Ground out 5-3 (Groundball, 56, EV 85.0 MPH)
|
Bottom of the 8th over - 0 runs, 0 hits, 0 errors, 0 left on base; Bristol 3 - Washington (APP) 3 |
TOP OF THE 9TH |
Bristol Pirates batting - Pitching for Washington (APP) Nationals : LHP Kevin Besser
|
Batting: RHB Andrew DeRicco
|
0-0: Called Strike 0-1: Foul Ball, location: 2F 0-2: Ground out 4-3 (Groundball, 4, EV 81.9 MPH)
|
Batting: RHB Perry Dominey
|
0-0: Called Strike 0-1: Ball 1-1: SINGLE (Line Drive, 8RS, EV 100.0 MPH)
|
Batting: RHB Randy Bergman
|
0-0: Called Strike 0-1: Swinging Strike 0-2: Foul Ball, location: 2F 0-2: Ball 1-2: Ball 2-2: Foul Ball, location: 2F 2-2: Ball 3-2: Foul Ball, location: 2F 3-2: Fly out, F5 (Flyball, 5D, EV 91.3 MPH)
|
Batting: LHB Randy Boone
|
0-0: SINGLE (Groundball, 4M, EV 95.6 MPH) Perry Dominey to second
|
Batting: RHB Etsuro Hosokawa
|
0-0: Ball 1-0: Ball 2-0: Foul Ball, location: 2F 2-1: Called Strike 2-2: Foul Ball, location: 2F 2-2: Ball 3-2: Foul Ball, location: 2F 3-2: Foul Ball, location: 2F 3-2: Base on Balls Perry Dominey to third Randy Boone to second
|
Pitching: RHP Brian Walker
|
|
Batting: RHB Jaime Dubicki
|
0-0: Fielders Choice at 2nd, 6-4 (Groundball, 6, EV 80.0 MPH)
|
Top of the 9th over - 0 runs, 2 hits, 0 errors, 3 left on base; Bristol 3 - Washington (APP) 3 |
BOTTOM OF THE 9TH |
Washington (APP) Nationals batting - Pitching for Bristol Pirates : RHP Joe Simanton
|
Pitching: RHP Hugo Rodriguez
|
|
Batting: RHB Kevin Whitenack
|
0-0: Called Strike 0-1: Foul Ball, location: 2F 0-2: Strikes out swinging
|
Batting: RHB Jon Buscher
|
0-0: Ball 1-0: Ground out 6-3 (Groundball, 56, EV 103.8 MPH)
|
Batting: RHB Naofumi Ishida
|
0-0: Ball 1-0: Called Strike 1-1: Swinging Strike 1-2: SINGLE (Groundball, 56, EV 97.5 MPH)
|
Batting: RHB Derek Moran
|
0-0: Fielders Choice at 2nd, 6-4 (Groundball, 6, EV 84.4 MPH)
|
Bottom of the 9th over - 0 runs, 1 hit, 0 errors, 1 left on base; Bristol 3 - Washington (APP) 3 |
TOP OF THE 10TH |
Bristol Pirates batting - Pitching for Washington (APP) Nationals : RHP Brian Walker
|
Batting: LHB Ruben Garza
|
0-0: Ball 1-0: Called Strike 1-1: Foul Ball, location: 2F 1-2: Foul Ball, location: 2F 1-2: SINGLE (Line Drive, 3D, EV 101.9 MPH)
|
Batting: LHB Joe Wise
|
0-0: Grounds into double play, 5-4-3 (Groundball, 56, EV 88.8 MPH)
|
Batting: RHB Pete Hutton
|
0-0: Ball 1-0: Called Strike 1-1: Ball 2-1: Ball 3-1: Called Strike 3-2: Fly out, F8 (Flyball, 89S, EV 75.0 MPH)
|
Top of the 10th over - 0 runs, 1 hit, 0 errors, 0 left on base; Bristol 3 - Washington (APP) 3 |
BOTTOM OF THE 10TH |
Washington (APP) Nationals batting - Pitching for Bristol Pirates : RHP Hugo Rodriguez
|
Batting: RHB Jim Miske
|
0-0: Called Strike 0-1: Called Strike 0-2: Ball 1-2: Ball 2-2: Foul Ball, location: 2F 2-2: Ball 3-2: Base on Balls
|
Batting: RHB John Savard
|
0-0: Called Strike 0-1: Sac Bunt to 25 - play at first, batter OUT! 5-4 Jim Miske to second
|
Batting: RHB Gregg Huddleston
|
0-0: Ball 1-0: Foul Ball, location: 2F 1-1: Ball 2-1: Called Strike 2-2: Ball 3-2: Ground out 6-3 (Groundball, 6, EV 85.6 MPH) Jim Miske to third
|
Batting: LHB Nate Melendez
|
0-0: Intentional Walk
|
Batting: RHB Nick Moreno
|
0-0: Swinging Strike 0-1: Called Strike 0-2: Strikes out swinging
|
Bottom of the 10th over - 0 runs, 0 hits, 0 errors, 2 left on base; Bristol 3 - Washington (APP) 3 |
TOP OF THE 11TH |
Bristol Pirates batting - Pitching for Washington (APP) Nationals : RHP Brian Walker
|
Batting: RHB Andrew DeRicco
|
0-0: Foul Ball, location: 2F 0-1: Ball 1-1: Ground out 6-3 (Groundball, 6, EV 85.6 MPH)
|
Batting: RHB Perry Dominey
|
0-0: Called Strike 0-1: Called Strike 0-2: Strikes out swinging
|
Batting: RHB Randy Bergman
|
0-0: Ball 1-0: Ball 2-0: Called Strike 2-1: Ball 3-1: Called Strike 3-2: Base on Balls
|
Batting: LHB Randy Boone
|
0-0: Called Strike 0-1: Ball 1-1: SINGLE (Groundball, 4MD, EV 98.1 MPH) Randy Bergman to second
|
Pitching: RHP Halewijn Bos
|
|
Batting: RHB Etsuro Hosokawa
|
0-0: Ball 1-0: Ball 2-0: Ball 3-0: Called Strike 3-1: Base on Balls Randy Bergman to third Randy Boone to second
|
Batting: RHB Jaime Dubicki
|
0-0: Swinging Strike 0-1: Foul Ball, location: 2F 0-2: Foul Ball, location: 2F 0-2: Ball 1-2: Ball 2-2: Fielders Choice at 2nd, 6-4 (Groundball, 6, EV 107.5 MPH)
|
Top of the 11th over - 0 runs, 1 hit, 0 errors, 3 left on base; Bristol 3 - Washington (APP) 3 |
BOTTOM OF THE 11TH |
Washington (APP) Nationals batting - Pitching for Bristol Pirates : RHP Hugo Rodriguez
|
Batting: RHB Kevin Whitenack
|
0-0: Ball 1-0: Ball 2-0: Foul Ball, location: 2F 2-1: Ball 3-1: Base on Balls
|
Batting: RHB Jon Buscher
|
0-0: Ball 1-0: Called Strike 1-1: Ball 2-1: Ball 3-1: Swinging Strike 3-2: Ground out 1-3 (Groundball, 15S, EV 74.4 MPH) Kevin Whitenack to second
|
Batting: RHB Naofumi Ishida
|
0-0: Called Strike 0-1: Ball 1-1: Called Strike 1-2: Ball 2-2: Ball 3-2: Fly out, F9 (Flyball, 9LM, EV 96.3 MPH) Runner from 2nd tags up, SAFE at 3rd, no throw by RF
|
Batting: RHB Derek Moran
|
0-0: Ground out 4-3 (Groundball, 4D, EV 101.3 MPH)
|
Bottom of the 11th over - 0 runs, 0 hits, 0 errors, 1 left on base; Bristol 3 - Washington (APP) 3 |
TOP OF THE 12TH |
Bristol Pirates batting - Pitching for Washington (APP) Nationals : RHP Halewijn Bos
|
Batting: LHB Ruben Garza
|
0-0: Foul Ball, location: 2F 0-1: Foul Ball, location: 2F 0-2: Foul Ball, location: 2F 0-2: Ball 1-2: Strikes out swinging
|
Batting: LHB Joe Wise
|
0-0: Ball 1-0: Called Strike 1-1: Swinging Strike 1-2: Strikes out swinging
|
Pitching: RHP Chris Lawrence
|
|
Batting: RHB Pete Hutton
|
0-0: Called Strike 0-1: Ball 1-1: Swinging Strike 1-2: Strikes out looking
|
Top of the 12th over - 0 runs, 0 hits, 0 errors, 0 left on base; Bristol 3 - Washington (APP) 3 |
BOTTOM OF THE 12TH |
Washington (APP) Nationals batting - Pitching for Bristol Pirates : RHP Hugo Rodriguez
|
Pitching: RHP Ian Ferrara
|
|
Batting: RHB Jim Miske
|
0-0: Swinging Strike 0-1: Ball 1-1: Ball 2-1: Foul Ball, location: 2F 2-2: Fly out, F8 (Flyball, 8LXD, EV 109.4 MPH)
|
Batting: RHB John Savard
|
0-0: Foul Ball, location: 2F 0-1: Ball 1-1: Ball 2-1: Ball 3-1: Fly out, F3 (Popup, 3S, EV 85.0 MPH)
|
Batting: RHB Gregg Huddleston
|
0-0: Called Strike 0-1: Called Strike 0-2: Fly out, F4 (Popup, 4M, EV 58.1 MPH)
|
Bottom of the 12th over - 0 runs, 0 hits, 0 errors, 0 left on base; Bristol 3 - Washington (APP) 3 |
TOP OF THE 13TH |
Bristol Pirates batting - Pitching for Washington (APP) Nationals : RHP Chris Lawrence
|
Batting: RHB Andrew DeRicco
|
0-0: Ball 1-0: Ball 2-0: Called Strike 2-1: Foul Ball, location: 2F 2-2: Ball 3-2: Base on Balls
|
Batting: RHB Perry Dominey
|
0-0: Bunted foul 0-1: Bunt missed! 0-2: Ball 1-2: Ball 2-2: Ball 3-2: Base on Balls Andrew DeRicco to second
|
Batting: RHB Randy Bergman
|
0-0: Fielders Choice at 2nd, 6-4 (Groundball, 6, EV 83.1 MPH) Andrew DeRicco to third
|
Batting: LHB Randy Boone
|
0-0: Ball 1-0: Called Strike 1-1: Ball 2-1: Called Strike 2-2: SINGLE (Groundball, 34, EV 106.3 MPH) Andrew DeRicco scores Randy Bergman to second Runner from 2nd tries for 3rd, OUT! 9-5
|
Pitching: LHP Mike Montgomery
|
|
Batting: RHB Etsuro Hosokawa
|
0-0: Called Strike 0-1: Swinging Strike 0-2: Ball 1-2: Foul Ball, location: 2F 1-2: Ball 2-2: SINGLE (Groundball, 4MD, EV 101.3 MPH) (infield hit) Randy Boone to second
|
Batting: RHB Jaime Dubicki
|
0-0: Ball 1-0: Called Strike 1-1: Foul Ball, location: 2F 1-2: Ball 2-2: Strikes out swinging
|
Top of the 13th over - 1 run, 2 hits, 0 errors, 2 left on base; Bristol 4 - Washington (APP) 3 |
BOTTOM OF THE 13TH |
Washington (APP) Nationals batting - Pitching for Bristol Pirates : RHP Ian Ferrara
|
Pitching: RHP Doug Rawson
|
|
Now at 1B: Gilberto Victoria
|
|
Batting: LHB Nate Melendez
|
0-0: Swinging Strike 0-1: Swinging Strike 0-2: Ball 1-2: Foul Ball, location: 2F 1-2: Ball 2-2: Ball 3-2: Fly out, F7 (Flyball, 7, EV 92.5 MPH)
|
Batting: RHB Nick Moreno
|
0-0: Fly out, F9 (Flyball, 9LM, EV 82.5 MPH)
|
Batting: RHB Kevin Whitenack
|
0-0: Called Strike 0-1: Foul Ball, location: 2F 0-2: Foul Ball, location: 2F 0-2: SINGLE (Groundball, 4MD, EV 109.4 MPH)
|
Batting: RHB Jon Buscher
|
0-0: Called Strike 0-1: Foul Ball, location: 2F 0-2: Ball 1-2: Fielders Choice at 2nd, 6-4 (Groundball, 6, EV 80.6 MPH)
|
Bottom of the 13th over - 0 runs, 1 hit, 0 errors, 1 left on base; Bristol 4 - Washington (APP) 3 |
|